AoeStats
← LM | TornardoBriese

Arabia

504727387Analyzed
1v1 RM · 26d ago on Sep 6, 2026· 41m 45s· 2 players
Game mode
Random Map
Map size
Tiny (2 player)
Population
200
Speed
Normal
Resources
Standard
Victory
Conquest
Starting age
Dark Age
Ending age
Imperial Age
RankedLock teamsTeams togetherTeam positionsShared explorationLock speedFull tech treeHidden civsTurbo modeCheats
Victory
Defeat
🇨🇭 Turks · Switzerland
1190
+16
🇳🇱 Malians · Netherlands
1185
-16
Theurarthur
10:47 Feudal Age
9:02 Loom
14:18 Double-Bit Axe
15:09 Horse Collar
18:08 Fletching
18:00 Man-at-Arms
24:46 Castle Age
24:23 Arson
25:33 Padded Archer Armor
25:51 Scale Mail Armor
26:01 Forging
26:49 Leather Archer Armor
27:50 Crossbowman
28:10 Long Swordsman
28:46 Elite Skirmisher
31:37 Chain Mail Armor
32:05 Bodkin Arrow
34:28 Crossbowman
38:09 Redemption
39:23 Iron Casting
38:29 Pikeman
LM | TornardoBriese
7:18 Loom
10:56 Feudal Age
11:53 Double-Bit Axe
12:17 Man-at-Arms
19:32 Wheelbarrow
22:34 Castle Age
20:56 Fletching
21:06 Padded Archer Armor
20:51 Horse Collar
23:26 Bloodlines
23:47 Bow Saw
26:30 Bodkin Arrow
30:19 Leather Archer Armor
31:54 Thumb Ring
31:52 Town Watch
34:12 Heavy Plow
36:19 Scale Barding Armor
40:02 Imperial Age
38:35 Chain Barding Armor
38:25 Forging
40:07 Husbandry
40:44 Iron Casting
40:48 Devotion
42:41 Parthian Tactics
42:19 Bracer
Connection lost

Rejoining the realm…

Still unreachable

The connection could not be restored.

Session expired

The server has moved on; the page needs a fresh start.